 Dungeon Crawl Stone Soup version 0.29-a0-775-g4d7333d4e2 (webtiles) character file.

Game seed: 2140674890849205007

233 kevlar127 the Ruffian (level 5, -5/54 HPs)
             Began as a Troll Berserker on July 1, 2022.
             Was a Priest of Trog.
             Slain by Duvessa
             ... wielding a +2 short sword of electrocution
              (10 damage)
             ... on level 4 of the Dungeon.
             The game lasted 00:06:13 (2212 turns).

kevlar127 the Ruffian (Troll Berserker)             Turns: 2212, Time: 00:06:13

Health: -5/54      AC:  4    Str: 27    XL:     5   Next: 74%
Magic:  4/4        EV: 10    Int:  3    God:    Trog [***...]
Gold:   152        SH:  0    Dex:  9    Spells: 4/4 levels left

rFire   . . .      SeeInvis .     - Unarmed
rCold   . . .      Faith    .   (no shield)
rNeg    . . .      Spirit   .   a - +0 animal skin
rPois   .          Reflect  .   (helmet restricted)
rElec   .          Harm     .   (no cloak)
rCorr   .          Rampage  .   (gloves unavailable)
Will    ++...                   (boots unavailable)
Stlth   +.........              (no amulet)
HPRegen 1.98/turn               (no ring)
MPRegen 0.09/turn               (no ring)

@: strong-willed, regenerating
A: large, unfitting armour, claws 3, regeneration 1, shaggy fur 1, tough skin 1
a: Renounce Religion, Berserk, Trog's Hand


You were on level 4 of the Dungeon.
You worshipped Trog.
Trog was most pleased with you.
You visited 1 branch of the dungeon, and saw 4 of its levels.

You collected 191 gold pieces.
You spent 39 gold pieces at shops.

Inventory:

Missiles
 g - 62 stones (quivered)
 h - 6 poisoned darts
 s - 3 boomerangs
Armour
 a - a +0 animal skin (worn)
Wands
 o - a wand of flame (21)
Scrolls
 c - 2 scrolls of fog {unknown}
 d - a scroll of silence {unknown}
 j - 2 scrolls of acquirement {unknown}
 k - a scroll of fear {unknown}
 l - a scroll of blinking {unknown}
 m - 3 scrolls of magic mapping {unknown}
 n - 2 scrolls of teleportation {unknown}
 r - a scroll of poison {unknown}
 t - a scroll of noise {unknown}
Potions
 b - 2 potions of lignification {unknown}
 e - 4 potions of attraction {unknown}
 f - a potion of mutation {unknown}
 i - 2 potions of curing
 p - a potion of degeneration {unknown}
 q - a potion of invisibility {unknown}


   Skills:
 + Level 4.1 Fighting
 - Level 2.4 Dodging
 + Level 5.0 Unarmed Combat


You had 4 spell levels left.
You didn't know any spells.
Your spell library was empty.

Dungeon Overview and Level Annotations

Branches:
Dungeon (4/15)
 Temple: D:4-7

Altars:

Shops:
D:2 **(

Annotations:
D:4 Dowan, Duvessa


Innate Abilities, Weirdness & Mutations

You are too large for most types of armour.
You have claws for hands.
Your natural rate of healing is unusually fast.
You are covered in fur. (AC +1)
You have tough skin. (AC +1)


Message History

Dowan is heavily wounded.
Dowan hits you with a +1 dagger of pain.
You writhe in agony.
You scratch Dowan.
Dowan is heavily wounded.
Dowan casts a spell at you. You resist with some effort.
You scratch Dowan but do no damage.
Dowan is heavily wounded.
Dowan drinks a potion.
Dowan is healed!
You scratch Dowan.
Dowan is lightly wounded.
You claw Dowan!
Dowan is heavily wounded.
You scratch Duvessa but do no damage. You closely miss Duvessa.
Duvessa hits you with a +2 short sword of electrocution!
You barely miss Duvessa. Duvessa barely misses you.
You barely miss Duvessa.
Dowan points at you and mumbles some strange words.
The puff of flame hits you.
You scratch Duvessa but do no damage.
Duvessa hits you with a +2 short sword of electrocution.
You are electrocuted!
* * * LOW HITPOINT WARNING * * *
You are too injured to fight recklessly!
You are too injured to fight recklessly!
You are too injured to fight recklessly!
You are too injured to fight recklessly!
You are too injured to fight recklessly!
Your skin crawls.
You feel strong-willed.
Dowan hits you with a +1 dagger of pain.
* * * LOW HITPOINT WARNING * * *
You writhe in agony.
* * * LOW HITPOINT WARNING * * *
Duvessa hits you with a +2 short sword of electrocution.
* * * LOW HITPOINT WARNING * * *
You are electrocuted!
You die...

#.# #.# ### ...
..# #.# #.# #.#
#.# #.# #.#
#######e###.######
......e@.........+
###########.######
#########'###
#...........#
#.)......<..#
#...........#
#...........#
#...........#
#.............#


You could see Duvessa and Dowan.

Vanquished Creatures
  A howler monkey (D:3)
  Ijyb (D:3)
  3 gnolls (D:2)
  6 adders
  4 dart slugs
  An orc (D:2)
  8 ball pythons
  6 endoplasms
  A giant cockroach (D:1)
  9 goblins
  6 hobgoblins
  3 jackals (D:2)
  3 quokkas
  11 bats
  7 frilled lizards
  6 kobolds
  3 rats
79 creatures vanquished.

Notes
Turn   | Place    | Note
-------+----------+-------------------------------------------
     0 | D:1      | kevlar127 the Troll Berserker began the quest for the Orb.
     0 | D:1      | Reached XP level 1. HP: 22/22 MP: 0/0
   138 | D:1      | Reached XP level 2. HP: 29/29 MP: 1/1
   337 | D:1      | Found a faded altar of an unknown god.
   956 | D:2      | Found Tiulus's General Store.
   959 | D:2      | Reached XP level 3. HP: 37/37 MP: 2/2
   974 | D:2      | Bought a potion of curing for 39 gold pieces
  1015 | D:2      | Reached ** piety under Trog
  1151 | D:2      | Found Annea's General Store.
  1262 | D:2      | Reached skill level 4 in Unarmed Combat
  1323 | D:2      | Found Ybotocw's Weapon Boutique.
  1336 | D:2      | Reached XP level 4. HP: 19/45 MP: 3/3
  1513 | D:3      | Noticed Ijyb
  1521 | D:3      | Killed Ijyb
  1652 | D:3      | Reached XP level 5. HP: 53/54 MP: 4/4
  1900 | D:3      | Reached *** piety under Trog
  1999 | D:3      | Reached skill level 5 in Unarmed Combat
  2196 | D:4      | Noticed Dowan
  2198 | D:4      | Noticed Duvessa
  2212 | D:4      | Slain by Duvessa

Illustrated notes

Levels and vault maps discovered:
D:1:      elethiomel_arrival_maze, layout_basic,
          dreamdust_ecumenical_altar_statues
D:2:      layout_rooms, serial_shops, shop, shop,
          nicolae_shop_temple_entry_statues_fountains, kennysheep_big_empty_room
D:3:      layout_basic, kennysheep_potato, uniq_ijyb
D:4:      layout_basic, mainiacjoe_overflow_boulevard, serial_bayou_crossing,
          uniq_duvessa

Skill      XL: |  1  2  3  4  5 |
---------------+----------------+-----
Fighting       | 3 4 |  4.1
Unarmed Combat | 4 5 |  5.0
Dodging        | |  2.4

Action                   |  1- 3 |  4- 6 || total
-------------------------+-------+-------++-------
Melee: Unarmed           |   134 |    94 ||   228
       Punch             |     3 |     4 ||     7
Invok: Berserk           |     1 |       ||     1
       Trog's Hand       |       |     1 ||     1
Armor: Animal skin       |    48 |    31 ||    79
Dodge: Dodged            |    76 |    52 ||   128

Table legend: (Time is in decaauts)
 A = Elapsed time spent in this place.
 B = Non-inter-level travel time spent in this place.
 C = Inter-level travel time spent in this place.
 D = Time resting spent in this place.
 E = Time spent auto-exploring this place.
 F = Levels seen in this place.
 G = Mean time per level.
                   A        B        C        D        E       F      G
               +--------+--------+--------+--------+--------+-----+--------+
         Total |   2204 |   2148 |     56 |     46 |   1604 |   4 |  551.0 |
       Dungeon |   2204 |   2148 |     56 |     46 |   1604 |   4 |  551.0 |
               +--------+--------+--------+--------+--------+-----+--------+

Top non-repeatable levels by time:
     D:1: 945 daAuts
     D:3: 623 daAuts
     D:2: 565 daAuts
     D:4: 70 daAuts
